 Seeded DCSS version 0.31-a0-876-gfe8ebadbca (webtiles) character file.

Game seed: 18446744073709551615 (custom seed)

14354 BadtimePacifist the Covered (level 11, -3/78 HPs) *EXPLORE*
             Began as a Demonspawn Reaver on Oct 12, 2023.
             Was a Follower of Kikubaaqudgha.
             Slain by an orc warrior
             ... wielding a +0 glaive
             ... created by the fury of Okawaru
              (5 damage)
             ... on level 2 of the Lair of Beasts on Oct 13, 2023.
             The game lasted 00:54:01 (12068 turns).

BadtimePacifist the Covered (Demonspawn Reaver)    Turns: 12068, Time: 00:54:02

Health: -3/78      AC: 14    Str: -17 (16)XL:     11   Next: 87%
Magic:  18/18      EV:  2    Int: -8 (20) God:    Kikubaaqudgha [*.....]
Gold:   231        SH:  0    Dex: -18 (13)Spells: 11/20 levels left

rFire   . . .        L - +1 dagger (distort)
rCold   . . .        (no shield)
rNeg    + . .        y - +0 chain mail
rPois   .            (helmet restricted)
rElec   .            (no cloak)
rCorr   .            (no gloves)
SInv    .            P - +0 pair of boots
Will    .....        (no amulet) Stlth
                     z - +6 ring of intelligence
HPRegen 0.00/turn    I - ring of positive energy
MPRegen 0.16/turn

%: no passive effects
@: inhibited regen, slowed, lost strength, lost intelligence, lost dexterity,
unable to read, very slow
A: antennae 2, icy blue scales 2, demonic guardian 1, ignite blood 2
a: Renounce Religion, Unearth Wretches


You were on level 2 of the Lair of Beasts.
You worshipped Kikubaaqudgha.
Kikubaaqudgha was aware of your devotion.
You visited 3 branches of the dungeon, and saw 11 of its levels.
You visited the Abyss 1 time.
You also visited: Ossuary.

You collected 621 gold pieces.
You spent 390 gold pieces at shops.

Inventory:

Hand Weapons
 a - a +0 falchion
 D - a +3 shortbow
 L - a +1 dagger of distortion (weapon)
Missiles
 F - 32 poisoned darts
Armour
 b - a +0 leather armour
 y - a +0 chain mail (worn)
 J - a +0 scale mail of fire resistance
 M - a +1 robe of positive energy
 P - a +0 pair of boots (worn)
Jewellery
 l - a +4 ring of protection
 z - a +6 ring of intelligence (left hand)
 G - a ring of protection from cold
 I - a ring of positive energy (right hand)
 O - a ring of willpower
Wands
 p - a wand of flame (35)
 E - a wand of roots (6)
 N - a wand of quicksilver (13)
Scrolls
 c - 5 scrolls of immolation
 e - 7 scrolls of teleportation
 h - 3 scrolls of amnesia {unknown}
 i - 5 scrolls of identify
 m - 5 scrolls of enchant armour
 o - a scroll of fog {unknown}
 s - a scroll of fear {unknown}
 t - 2 scrolls of poison {unknown}
 v - 3 scrolls of enchant weapon
 A - 2 scrolls of silence {unknown}
 C - a scroll of brand weapon {unknown}
 H - a scroll of vulnerability {unknown}
 K - 2 scrolls of blinking {unknown}
Potions
 d - 2 potions of brilliance {unknown}
 f - 3 potions of enlightenment {unknown}
 g - 3 potions of degeneration {unknown}
 j - 4 potions of heal wounds {unknown}
 k - a potion of berserk rage {unknown}
 n - 6 potions of invisibility
 q - 3 potions of attraction {unknown}
 r - 2 potions of lignification {unknown}
 u - a potion of magic {unknown}
 w - 3 potions of resistance {unknown}
 x - 3 potions of curing {unknown}
 B - 2 potions of might {unknown}


   Skills:
 + Level 4.7 Fighting
 * Level 4.2(5.4) Short Blades
 + Level 5.1(5.8) Long Blades
 * Level 3.4 Ranged Weapons
 * Level 2.6 Throwing
 + Level 5.8 Armour
 + Level 3.3 Dodging
 * Level 4.2 Stealth
 * Level 4.1 Unarmed Combat
 * Level 5.1 Spellcasting
 * Level 5.7 Conjurations
 * Level 4.0 Summonings
 * Level 5.2 Necromancy
 * Level 3.7 Ice Magic
 * Level 4.2 Air Magic
 * Level 4.0 Poison Magic
 * Level 5.2 Invocations
 * Level 4.0 Evocations


You had 11 spell levels left.
You knew the following spells:

 Your Spells              Type           Power      Damage    Failure   Level
a - Kiss of Death         Conj/Necr      0%         2d5       100%        1
b - Hailstorm             Conj/Ice       0%         3d3       100%        3
c - Call Imp              Summ           0%         N/A       100%        2
d - Mephitic Cloud        Conj/Pois/Air  0%         N/A       100%        3

Your spell library contained the following spells:

 Spells                   Type           Power      Damage    Failure   Level
 Magic Dart               Conj           0%         1d3       100%        1
 Necrotise                Necr           0%         1d4       100%        1
 Momentum Strike          Conj/Tloc      0%         3d8       100%        2
 Sublimation of Blood     Necr           0%         N/A       100%        2
 Tukima's Dance           Hex            0%         N/A       100%        3
 Animate Dead             Necr           0%         N/A       100%        4
 Passage of Golubria      Tloc           0%         N/A       100%        4
 Yara's Violent Unravell  Hex/Tmut       0%         3d3       100%        5
 Conjure Ball Lightning   Conj/Air       0%         3x3d6     100%        6
 Monstrous Menagerie      Summ           0%         N/A       100%        7


Dungeon Overview and Level Annotations

Branches:
Dungeon (8/15)             Temple (1/1) D:7            Lair (2/5) D:8
Ossuary (visited)
  Swamp: Lair:2-3    Shoals: Lair:2-3     Snake: Lair:2-3    Spider: Lair:2-3

Altars:
Ashenzari
Cheibriados
Dithmenos
Fedhas
Gozag
Hepliaklqana
Kikubaaqudgha
Nemelex Xobeh
Okawaru
Qazlal
Ru
Sif Muna
Trog
Uskayaw
Vehumet
Wu Jian
Xom
Yredelemnul

Shops:
D:3 [   D:8 :


Innate Abilities, Weirdness & Mutations

You have a pair of antennae on your head.
You are mostly covered in icy blue scales. (AC +3)
A weak demonic guardian rushes to your aid.
Your demonic aura often causes spilled blood to erupt in flames.


Message History

The tengu warrior claws you but does no damage.
The orc warrior hits you but does no damage.
You hit the orc warrior but do no damage.
The orc warrior is severely wounded.
The orc warrior blinks!
The tengu warrior barely misses you.
The tengu warrior pecks you but does no damage.
The tengu warrior completely misses you.
Unknown command.
Unknown command.
The tengu warrior hits you with a +0 broad axe.
The tengu warrior pecks you. The tengu warrior claws you.
The tengu warrior hits you but does no damage.
The tengu warrior pecks you but does no damage.
The tengu warrior claws you.
* * * LOW HITPOINT WARNING * * *
The tengu warrior hits you with a +0 broad axe.
* * * LOW HITPOINT WARNING * * *
A demonic guardian appears!
The tengu warrior barely misses you.
The tengu warrior claws you but does no damage.
Unknown command.
Unknown command.
The tengu warrior hits you with a +0 broad axe!
* * * LOW HITPOINT WARNING * * *
The tengu warrior barely misses your white imp.
The tengu warrior pecks you but does no damage.
The tengu warrior claws you but does no damage.
The orc warrior hits you but does no damage.
Your white imp closely misses the tengu warrior.
The tengu warrior hits you with a +0 broad axe.
* * * LOW HITPOINT WARNING * * *
The tengu warrior barely misses your white imp.
The tengu warrior pecks you.
* * * LOW HITPOINT WARNING * * *
The tengu warrior claws you but does no damage.
You hit the orc warrior but do no damage.
Space warps around the orc warrior.
The orc warrior is severely wounded.
The orc warrior hits you with a +0 glaive.
You die...
Kikubaaqudgha rasps: "You have failed me!
Welcome... death!"

....#.... ♣....#...(. §§
.....#...... ♣~§
♣♣♣#...........
♣♣♣~♣♣♣.#...........#
#...?....#..........# ###
#........#o......>...
P#..###........@Q.##......
.................5.........
.~~~~~~~...................
.~~#~#~~...................
.~~~#~~~............###....
.~~#~~~~......##.#.## ...
.~~~~~~~.....##..#.# { ..
.............#P.##.# .
..##........##.. ..#


You could see a tengu warrior (ally target), an orc warrior and a friendly white
imp (summoned).

Vanquished Creatures
  A daeva (Lair:1)
  A frost giant (Lair:1)
  A very ugly thing (Abyss:2)
  A lorocyproca (Abyss:2)
  A death knight (Abyss:1)
  A two-headed ogre (Abyss:1)
  A naga warrior (Lair:1)
  A wretched star (Abyss:1)
  A skeletal warrior (Abyss:1)
  A phantasmal warrior (Abyss:1)
  2 salamanders (Lair:1)
  An orange demon (Abyss:1)
  A cane toad (Lair:1)
  Psyche (D:8)
  2 komodo dragons (D:8)
  A freezing wraith (Abyss:1)
  A hornet (D:8)
  3 blink frogs (Lair:1)
  A dancing weapon (D:8)
  2 yaks (Lair:1)
  3 basilisks
  A vampire mosquito (Lair:2)
  A water moccasin (D:6)
  An acid dragon (D:8)
  4 small abominations (Abyss:1)
  4 sky beasts
  4 large abominations
  2 orc warriors
  4 black bears
  4 ogres
  A centaur (D:7)
  3 kobold brigands (D:7)
  An elf zombie (Ossuary)
  3 bullfrogs
  3 scorpions
  3 wights (D:8)
  6 killer bees (D:7)
  2 howler monkeys
  A crimson imp (D:7)
  2 human zombies (Ossuary)
  A quasit (Abyss:2)
  5 orc priests
  4 hounds
  2 sleepcaps
  3 iguanas
  8 orc wizards
  A hound zombie (Ossuary)
  4 mummies (Ossuary)
  5 adders
  2 shadow imps
  2 white imps
  A worm (D:5)
  A dart slug (D:3)
  45 orcs
  7 endoplasms
  5 giant cockroaches
  2 goblins
  6 hobgoblins
  8 ball pythons
  4 bats
  4 frilled lizards
  A hobgoblin zombie (Ossuary)
  A jackal zombie (Ossuary)
  25 kobolds
  2 kobold zombies (Ossuary)
  An orc zombie (Ossuary)
  9 rats
  3 rat zombies (Ossuary)
240 creatures vanquished.

Vanquished Creatures (collateral kills)
  A wretched star (Abyss:1)
  2 smoke demons (Abyss:2)
  A cane toad (Lair:1)
  A blink frog (Lair:1)
  Prince Ribbit (D:8)
  2 dancing weapons (D:8)
  A chaos spawn (Abyss:1)
  A naga (Lair:1)
  2 orc warriors
  An ogre (D:8)
  A centaur (D:8)
  A wight (D:8)
  An electric eel (Lair:2)
  An orc wizard (Lair:2)
  7 orcs
24 creatures vanquished.

Vanquished Creatures (others)
  An orc warrior (D:8)
1 creature vanquished.

Grand Total: 265 creatures vanquished

Notes
Turn   | Place    | Note
-------+----------+-------------------------------------------
     0 | D:1      | BadtimePacifist the Demonspawn Reaver began the quest for
                  | the Orb.
     0 | D:1      | Reached XP level 1. HP: 16/16 MP: 3/3
     0 | D:1      | Entered explore mode.
   280 | D:1      | Gained mutation: You have a pair of small antennae on your
                  | head. [demonic ancestry]
   280 | D:1      | Reached XP level 2. HP: 22/22 MP: 5/5
  1257 | D:2      | Succumbed to an adder's poison
  1261 | D:2      | HP: 1/22 [poisoned by an adder]
  1262 | D:2      | Succumbed to an adder's poison
  1267 | D:2      | Gained mutation: Your demonic aura sometimes causes spilled
                  | blood to erupt in flames. [demonic ancestry]
  1267 | D:2      | Reached XP level 3. HP: 18/27 MP: 6/6
  1540 | D:2      | You fall into a shaft and drop 2 floors!
  1749 | D:4      | Killed by divine providence
                  | ... invoked by an orc priest
                  | (10 damage)
  1756 | D:4      | HP: 1/27 [orc priest/divine providence (13)]
  1756 | D:4      | Slain by a hobgoblin (1 damage)
  1761 | D:4      | Killed by divine providence
                  | ... invoked by an orc priest
                  | (14 damage)
  1767 | D:4      | Reached skill level 1 in Necromancy
  1767 | D:4      | Reached XP level 4. HP: 24/33 MP: 7/7
  1967 | D:4      | Reached skill level 1 in Armour
  2098 | D:4      | Gained mutation: You are partially covered in icy blue
                  | scales. (AC +2) [demonic ancestry]
  2098 | D:4      | Reached XP level 5. HP: 20/38 MP: 8/8
  2151 | D:4      | Slain by an iguana (9 damage)
  2171 | D:4      | Mangled by an iguana (10 damage)
  2173 | D:4      | Reached skill level 1 in Short Blades
  2173 | D:4      | Reached skill level 1 in Unarmed Combat
  2309 | D:4      | Learned a level 3 spell: Hailstorm
  2312 | D:4      | Learned a level 2 spell: Call Imp
  2316 | D:4      | Learned a level 3 spell: Mephitic Cloud
  2931 | D:5      | Entered Level 5 of the Dungeon
  2957 | D:5      | Found a sand-covered staircase.
  2981 | D:5      | Reached skill level 1 in Stealth
  2994 | Ossuary  | Entered an ossuary
  3005 | Ossuary  | Slain by a human zombie (3 damage)
  3054 | Ossuary  | Reached XP level 6. HP: 9/45 MP: 10/10
  3057 | Ossuary  | HP: 1/45 [hound zombie (3)]
  3060 | Ossuary  | Slain by a human zombie (6 damage)
  3099 | Ossuary  | HP: 1/46 [human zombie (3)]
  3108 | Ossuary  | Slain by an elf zombie (6 damage)
  3188 | Ossuary  | Mangled by a mummy (15 damage)
  3598 | D:5      | HP: 1/46 [orc priest/divine providence (11)]
  3598 | D:5      | Slain by an orc
                  | ... wielding a +0 flail
                  | (6 damage)
  3609 | D:5      | HP: 2/46 [orc priest/+0 mace (3)]
  3610 | D:5      | Killed by divine providence
                  | ... invoked by an orc priest
                  | (9 damage)
  3622 | D:5      | Gained mutation: Your demonic aura often causes spilled
                  | blood to erupt in flames. [demonic ancestry]
  3622 | D:5      | Reached XP level 7. HP: 39/51 MP: 11/11
  4191 | D:3      | Found Archuixoxt's Armour Emporium.
  4823 | D:3      | Found a sparkling altar of Nemelex Xobeh.
  4855 | D:3      | Became a worshipper of Nemelex Xobeh the Trickster
  5466 | D:6      | Reached skill level 1 in Evocations
  5896 | D:6      | HP: 1/51 [orc/+0 dagger (3)]
  5896 | D:6      | Slain by an orc
                  | ... wielding a +0 hand axe
                  | (2 damage)
  5900 | D:6      | Reached skill level 1 in Air Magic
  5900 | D:6      | Gained mutation: You have a pair of antennae on your head.
                  | [demonic ancestry]
  5900 | D:6      | Reached XP level 8. HP: 45/57 MP: 13/13
  5914 | D:6      | HP: 1/57 [orc/+0 hand axe (6)]
  5915 | D:6      | Slain by a water moccasin (5 damage)
  5926 | D:6      | HP: 2/57 [poisoned by a water moccasin]
  5926 | D:6      | Slain by a water moccasin (6 damage)
  5931 | D:6      | Reached skill level 1 in Summonings
  5931 | D:6      | Reached skill level 1 in Ice Magic
  5931 | D:6      | Reached skill level 1 in Poison Magic
  6505 | D:7      | HP: 2/57 [something (5)]
  6506 | D:7      | Demolished by an ogre
                  | ... wielding a +0 giant spiked club
                  | (22 damage)
  6516 | D:7      | Mangled by an ogre
                  | ... wielding a +0 giant spiked club
                  | (21 damage)
  6537 | D:7      | Reached skill level 1 in Invocations
  6547 | D:7      | HP: 2/58 [centaur (4)]
  6547 | D:7      | Slain by a centaur (2 damage)
  6600 | D:7      | Slain by a centaur (5 damage)
  6983 | D:7      | Succumbed to a killer bee's poison
  6989 | D:7      | Succumbed to a killer bee's poison
  6994 | D:7      | Slain by a killer bee (4 damage)
  7001 | D:7      | Slain by a killer bee (7 damage)
  7008 | D:7      | HP: 2/58 [poisoned by a killer bee]
  7008 | D:7      | Slain by a killer bee (2 damage)
  7017 | D:7      | Succumbed to a killer bee's poison
  7021 | D:7      | Slain by a killer bee (7 damage)
  7026 | D:7      | Gained mutation: You are mostly covered in icy blue scales.
                  | (AC +3) [demonic ancestry]
  7026 | D:7      | Reached XP level 9. HP: 12/64 MP: 14/14
  7026 | D:7      | HP: 2/64 [killer bee (3)]
  7027 | D:7      | Succumbed to a killer bee's poison
  7035 | D:7      | HP: 1/64 [killer bee (6)]
  7036 | D:7      | Succumbed to a killer bee's poison
  7044 | D:7      | Succumbed to a killer bee's poison
  7050 | D:7      | Slain by a killer bee (5 damage)
  7059 | D:7      | HP: 3/64 [killer bee (2)]
  7060 | D:7      | Succumbed to a killer bee's poison
  7074 | D:7      | HP: 1/64 [poisoned by a killer bee]
  7075 | D:7      | Succumbed to a killer bee's poison
  7087 | D:7      | HP: 3/64 [poisoned by a killer bee]
  7088 | D:7      | HP: 1/64 [killer bee (1)]
  7089 | D:7      | Succumbed to a killer bee's poison
  7119 | D:7      | HP: 3/64 [poisoned by a killer bee]
  7119 | D:7      | Slain by a killer bee (7 damage)
  7138 | D:7      | HP: 3/64 [poisoned by a killer bee]
  7140 | D:7      | HP: 1/64 [poisoned by a killer bee]
  7140 | D:7      | Slain by a killer bee (4 damage)
  7589 | D:7      | Found a staircase to the Ecumenical Temple.
  7609 | Temple   | Entered the Ecumenical Temple
  7636 | Temple   | Upgraded the game from 0.31-a0-875-g02e7d12df6 to
                  | 0.31-a0-876-gfe8ebadbca
  7728 | Temple   | Fell from the grace of Nemelex Xobeh
  7728 | Temple   | Became a worshipper of Kikubaaqudgha
  8221 | D:8      | Noticed Prince Ribbit
  8224 | D:8      | Noticed Psyche
  8233 | Abyss:1  | Cast into level 1 of the Abyss (Psyche)
  8278 | Abyss:1  | Noticed a lich
  8288 | Abyss:1  | Killed from afar by a lich (48 damage)
                  | ... with a bolt of cold
  8297 | Abyss:1  | Noticed a thrashing horror
  8348 | Abyss:1  | Slain by a small abomination (8 damage)
  8365 | Abyss:1  | Slain by a small abomination (6 damage)
  8415 | Abyss:1  | HP: 2/64 [large abomination (16)]
  8416 | Abyss:1  | Demolished by a large abomination (19 damage)
  8432 | Abyss:1  | Demolished by a large abomination (28 damage)
  8469 | Abyss:1  | Noticed a wretched star
  8482 | Abyss:1  | Killed from afar by a wretched star (5 damage)
                  | ... with a lance of force
  8495 | Abyss:1  | HP: 3/64 [small abomination (10)]
  8496 | Abyss:1  | Killed from afar by a wretched star (22 damage)
                  | ... with a lance of force
  8502 | Abyss:1  | Slain by a small abomination (9 damage)
  8521 | Abyss:1  | Killed from afar by a wretched star (17 damage)
                  | ... with a lance of force
  8531 | Abyss:1  | Killed from afar by a wretched star (23 damage)
                  | ... with a lance of force
  8535 | Abyss:1  | HP: 2/64 [wretched star/lance of force (11)]
  8535 | Abyss:1  | Collided with a rock wall (4 damage)
                  | ... caused by a wretched star
  8541 | Abyss:1  | Noticed a Hell Sentinel
  8542 | Abyss:1  | Demolished by a large abomination (26 damage)
  8547 | Abyss:1  | Demolished by a Hell Sentinel (26 damage)
  8549 | Abyss:1  | Killed from afar by a wretched star (18 damage)
                  | ... with a lance of force
  8550 | Abyss:1  | Slain by a Hell Sentinel (27 damage)
  8551 | Abyss:1  | Mangled by a Hell Sentinel (25 damage)
  8551 | Abyss:1  | Noticed a wretched star
  8552 | Abyss:1  | Mangled by a large abomination (20 damage)
  8554 | Abyss:1  | Mangled by a Hell Sentinel (28 damage)
  8555 | Abyss:1  | Collided with a rock wall (7 damage)
                  | ... caused by a wretched star
  8558 | Abyss:1  | HP: 1/44 [Hell Sentinel (9)]
  8559 | Abyss:1  | Slain by a small abomination (5 damage)
  8563 | Abyss:1  | Killed from afar by a wretched star (24 damage)
                  | ... with a lance of force
  8566 | Abyss:1  | Noticed a large abomination
  8567 | Abyss:1  | HP: 2/66 [Hell Sentinel (3)]
  8569 | Abyss:1  | Annihilated by a Hell Sentinel (27 damage)
  8570 | Abyss:1  | Lost dexterity.
  8571 | Abyss:1  | Killed from afar by a wretched star (30 damage)
                  | ... with a lance of force
                  | ... while paralysed
  8572 | Abyss:1  | Slain by a Hell Sentinel (22 damage)
                  | ... while paralysed
  8574 | Abyss:1  | Killed from afar by a wretched star (20 damage)
                  | ... with a lance of force
  8576 | Abyss:1  | Slain by a Hell Sentinel (13 damage)
  8576 | Abyss:1  | Killed a large abomination
  8577 | Abyss:1  | Reached skill level 1 in Ranged Weapons
  8577 | Abyss:1  | Reached skill level 1 in Throwing
  8578 | Abyss:1  | Mangled by a Hell Sentinel (15 damage)
  8579 | Abyss:1  | HP: 1/45 [Hell Sentinel (9)]
  8579 | Abyss:1  | Slain by a Hell Sentinel (2 damage)
  8581 | Abyss:1  | Killed from afar by a white imp (10 damage)
                  | ... with a puff of frost
  8582 | Abyss:1  | Lost strength.
  8582 | Abyss:1  | Killed from afar by a Hell Sentinel (65 damage)
                  | ... with an iron shot
                  | ... while paralysed
  8583 | Abyss:1  | Mangled by a Hell Sentinel (15 damage)
                  | ... while paralysed
  8585 | Abyss:1  | Killed from afar by a Hell Sentinel (50 damage)
                  | ... with an iron shot
  8586 | Abyss:1  | Killed from afar by a Hell Sentinel (49 damage)
                  | ... with an iron shot
  8588 | Abyss:1  | Collided with a Hell Sentinel (15 damage)
                  | ... caused by a wretched star
  8589 | Abyss:1  | Slain by a Hell Sentinel (12 damage)
  8590 | Abyss:1  | Killed from afar by a wretched star (27 damage)
                  | ... with a lance of force
  8590 | Abyss:1  | Mangled by a Hell Sentinel (18 damage)
  8592 | Abyss:1  | Mangled by a Hell Sentinel (17 damage)
  8592 | Abyss:1  | Lost intelligence.
  8593 | Abyss:1  | Killed from afar by a wretched star (19 damage)
                  | ... with a lance of force
                  | ... while paralysed
  8593 | Abyss:1  | Killed from afar by a wretched star (23 damage)
                  | ... with a lance of force
                  | ... while paralysed
  8594 | Abyss:1  | Killed from afar by a wretched star (19 damage)
                  | ... with a lance of force
                  | ... while paralysed
  8596 | Abyss:1  | Mangled by a Hell Sentinel (14 damage)
  8598 | Abyss:1  | Mangled by a Hell Sentinel (16 damage)
  8598 | Abyss:1  | Killed a wretched star
  8599 | Abyss:1  | Gained mutation: A weak demonic guardian rushes to your
                  | aid. [demonic ancestry]
  8599 | Abyss:1  | Reached XP level 10. HP: 41/49 MP: 11/11
  8600 | Abyss:1  | Slain by a Hell Sentinel (24 damage)
  8603 | Abyss:1  | Killed from afar by a Hell Sentinel (26 damage)
                  | ... with damnation
  8604 | Abyss:1  | Killed from afar by a Hell Sentinel (39 damage)
                  | ... with damnation
  8611 | Abyss:1  | Noticed a death knight
  8612 | Abyss:1  | Noticed a phantasmal warrior
  8612 | Abyss:1  | Noticed an orange demon
  8613 | Abyss:1  | Noticed an orange demon
  8614 | Abyss:1  | Slain by an orange demon (10 damage)
  8614 | Abyss:1  | Lost intelligence.
  8615 | Abyss:1  | Slain by a Hell Sentinel (13 damage)
                  | ... while paralysed
  8617 | Abyss:1  | Demolished by a death knight
                  | ... wielding a +0 glaive
                  | (25 damage)
  8617 | Abyss:1  | Noticed a skeletal warrior
  8620 | Abyss:1  | Killed from afar by a Hell Sentinel (39 damage)
                  | ... with damnation
  8624 | Abyss:1  | HP: 2/49 [poisoned by an orange demon]
  8624 | Abyss:1  | Slain by a freezing wraith (4 damage)
                  | ... led by a death knight
  8626 | Abyss:1  | Slain by a freezing wraith (18 damage)
                  | ... led by a death knight
  8627 | Abyss:1  | Slain by a freezing wraith (13 damage)
                  | ... led by a death knight
  8628 | Abyss:1  | Annihilated by a Hell Sentinel (27 damage)
  8629 | Abyss:1  | Mangled by a Hell Sentinel (19 damage)
  8630 | Abyss:1  | Mangled by a phantasmal warrior (19 damage)
                  | ... led by a death knight
  8630 | Abyss:1  | Mangled by a phantasmal warrior (27 damage)
                  | ... led by a death knight
  8630 | Abyss:1  | Slain by a Hell Sentinel (18 damage)
  8631 | Abyss:1  | Slain by a chaos spawn (4 damage)
  8632 | Abyss:1  | Demolished by a phantasmal warrior (21 damage)
                  | ... led by a death knight
  8632 | Abyss:1  | Killed from afar by a Hell Sentinel (26 damage)
                  | ... with an iron shot
  8634 | Abyss:1  | Demolished by a freezing wraith (34 damage)
                  | ... led by a death knight
  8635 | Abyss:1  | Demolished by a freezing wraith (34 damage)
                  | ... led by a death knight
  8635 | Abyss:1  | Killed from afar by a Hell Sentinel (58 damage)
                  | ... with an iron shot
  8637 | Abyss:1  | Killed a phantasmal warrior
  8637 | Abyss:1  | Slain by a Hell Sentinel (29 damage)
  8638 | Abyss:1  | Reached skill level 5 in Conjurations
  8639 | Abyss:1  | Slain by a skeletal warrior
                  | ... wielding a +0 mace
                  | ... led by a death knight
                  | (15 damage)
  8640 | Abyss:1  | Mangled by a Hell Sentinel (13 damage)
  8640 | Abyss:1  | HP: 2/49 [skeletal warrior/+0 mace[a death knight] (18)]
  8641 | Abyss:1  | Succumbed to an orange demon's poison
  8642 | Abyss:1  | Succumbed to an orange demon's poison
  8642 | Abyss:1  | Killed from afar by a Hell Sentinel (77 damage)
                  | ... with an iron shot
  8644 | Abyss:1  | Mangled by a death knight
                  | ... wielding a +0 glaive
                  | (13 damage)
  8644 | Abyss:1  | Killed from afar by a Hell Sentinel (62 damage)
                  | ... with an iron shot
  8646 | Abyss:1  | Mangled by a skeletal warrior
                  | ... wielding a +0 mace
                  | ... led by a death knight
                  | (14 damage)
  8647 | Abyss:1  | HP: 2/49 [orange demon (2)]
  8648 | Abyss:1  | Succumbed to an orange demon's poison
  8649 | Abyss:1  | Annihilated by a Hell Sentinel (27 damage)
  8650 | Abyss:1  | Killed from afar by a Hell Sentinel (61 damage)
                  | ... with an iron shot
  8650 | Abyss:1  | Slain by a Hell Sentinel (30 damage)
  8651 | Abyss:1  | Slain by a death knight
                  | ... wielding a +0 glaive
                  | (8 damage)
  8652 | Abyss:1  | Slain by a death knight
                  | ... wielding a +0 glaive
                  | (16 damage)
  8653 | Abyss:1  | Slain by an orange demon (4 damage)
  8653 | Abyss:1  | Killed a wretched star
  8653 | Abyss:1  | Slain by a Hell Sentinel (31 damage)
  8655 | Abyss:1  | Succumbed to an orange demon's poison
  8655 | Abyss:1  | Slain by a Hell Sentinel (18 damage)
  8656 | Abyss:1  | Slain by a Hell Sentinel (17 damage)
  8657 | Abyss:1  | Mangled by a Hell Sentinel (13 damage)
  8658 | Abyss:1  | Succumbed to an orange demon's poison
  8659 | Abyss:1  | Succumbed to an orange demon's poison
  8659 | Abyss:1  | Slain by a death knight
                  | ... wielding a +0 glaive
                  | (20 damage)
  8659 | Abyss:1  | Killed an orange demon
  8660 | Abyss:1  | Succumbed to an orange demon's poison
  8661 | Abyss:1  | HP: 2/56 [death knight/+0 glaive (3)]
  8661 | Abyss:1  | Mangled by a Hell Sentinel (12 damage)
  8663 | Abyss:1  | Succumbed to an orange demon's poison
  8663 | Abyss:1  | Killed from afar by a Hell Sentinel (55 damage)
                  | ... with an iron shot
  8664 | Abyss:1  | Slain by a Hell Sentinel (7 damage)
  8665 | Abyss:1  | Noticed an orange demon
  8665 | Abyss:1  | Slain by an orange demon (5 damage)
  8666 | Abyss:1  | Noticed a two-headed ogre
  8666 | Abyss:1  | Mangled by a skeletal warrior
                  | ... wielding a +0 mace
                  | ... led by a death knight
                  | (14 damage)
  8667 | Abyss:1  | HP: 2/56 [ogre/+0 giant club[the rage of Trog] (25)]
  8667 | Abyss:1  | Slain by an orange demon (4 damage)
  8667 | Abyss:1  | Slain by a skeletal warrior
                  | ... wielding a +0 mace
                  | ... led by a death knight
                  | (6 damage)
  8668 | Abyss:1  | Slain by a death knight
                  | ... wielding a +0 glaive
                  | (9 damage)
  8669 | Abyss:1  | Demolished by a two-headed ogre
                  | ... wielding a +0 giant club
                  | ... created by the rage of Trog
                  | (26 damage)
  8669 | Abyss:1  | Slain by a Hell Sentinel (8 damage)
  8669 | Abyss:1  | Mangled by a skeletal warrior
                  | ... wielding a +0 mace
                  | ... led by a death knight
                  | (22 damage)
  8670 | Abyss:1  | Demolished by a two-headed ogre
                  | ... wielding a +0 giant club
                  | ... created by the rage of Trog
                  | (34 damage)
  8670 | Abyss:1  | Killed a death knight
  8671 | Abyss:1  | Mangled by a two-headed ogre
                  | ... wielding a +0 giant club
                  | ... created by the rage of Trog
                  | (28 damage)
  8671 | Abyss:1  | Killed a skeletal warrior
  8671 | Abyss:1  | Reached * piety under Kikubaaqudgha
  8671 | Abyss:1  | Received a gift from Kikubaaqudgha
  8671 | Abyss:1  | Slain by a two-headed ogre
                  | ... wielding a +0 giant club
                  | ... created by the rage of Trog
                  | (15 damage)
  8671 | Abyss:1  | Slain by a Hell Sentinel (11 damage)
  8672 | Abyss:1  | Succumbed to an orange demon's poison
  8672 | Abyss:1  | Slain by a Hell Sentinel (16 damage)
  8673 | Abyss:1  | Demolished by a two-headed ogre
                  | ... wielding a +0 giant club
                  | ... created by the rage of Trog
                  | (36 damage)
  8673 | Abyss:1  | Demolished by a Hell Sentinel (18 damage)
  8673 | Abyss:1  | Slain by a two-headed ogre
                  | ... wielding a +0 giant club
                  | ... created by the rage of Trog
                  | (13 damage)
  8673 | Abyss:1  | HP: 2/57 [orange demon (3)]
  8673 | Abyss:1  | Slain by a black bear (5 damage)
                  | ... created by the rage of Trog
  8674 | Abyss:1  | Mangled by a Hell Sentinel (14 damage)
  8675 | Abyss:1  | Slain by a Hell Sentinel (33 damage)
  8675 | Abyss:1  | Slain by a two-headed ogre
                  | ... wielding a +0 giant club
                  | ... created by the rage of Trog
                  | (24 damage)
  8676 | Abyss:1  | Killed a two-headed ogre
  8677 | Abyss:1  | Demolished by a Hell Sentinel (22 damage)
  8679 | Abyss:1  | Slain by a black bear (3 damage)
                  | ... created by the rage of Trog
  8680 | Abyss:1  | HP: 1/57 [orange demon (8)]
  8680 | Abyss:1  | Slain by an orange demon (5 damage)
  8681 | Abyss:1  | Slain by a freezing wraith (6 damage)
                  | ... led by a death knight
  8689 | Abyss:2  | Noticed a white very ugly thing
  8692 | Abyss:2  | Mangled by a lorocyproca (16 damage)
  8696 | Abyss:2  | Annihilated by a white very ugly thing (78 damage)
  8697 | Abyss:2  | Annihilated by a white very ugly thing (70 damage)
  8698 | Abyss:2  | Mangled by a white very ugly thing (52 damage)
  8699 | Abyss:2  | Found a corrupted altar of Lugonu.
  8699 | Abyss:2  | Demolished by a white very ugly thing (37 damage)
  8700 | Abyss:2  | Slain by a white very ugly thing (45 damage)
  8702 | Abyss:2  | Annihilated by a white very ugly thing (69 damage)
  8703 | Abyss:2  | Annihilated by a white very ugly thing (70 damage)
  8704 | Abyss:2  | Mangled by a white very ugly thing (30 damage)
  8704 | Abyss:2  | Annihilated by a white very ugly thing (60 damage)
  8705 | Abyss:2  | Slain by a white very ugly thing (42 damage)
  8706 | Abyss:2  | HP: 2/53 [white very ugly thing (31)]
  8707 | Abyss:2  | Mangled by a lorocyproca (9 damage)
  8707 | Abyss:2  | Killed a white very ugly thing
  8708 | Abyss:2  | Reached skill level 5 in Armour
  8708 | Abyss:2  | Reached XP level 11. HP: 56/61 MP: 0/16
  8713 | Abyss:2  | Slain by a lorocyproca (5 damage)
  8717 | Abyss:2  | Slain by a lorocyproca (5 damage)
  8721 | Abyss:2  | Mangled by a lorocyproca (16 damage)
  8723 | Abyss:2  | Mangled by a lorocyproca (25 damage)
  8729 | Abyss:2  | Mangled by a lorocyproca (17 damage)
  8730 | Abyss:2  | Killed a lorocyproca
  8737 | Abyss:2  | Noticed a red very ugly thing
  8746 | Abyss:2  | Slain by a red very ugly thing (5 damage)
  8750 | Abyss:2  | Mangled by a large abomination (18 damage)
  8754 | Abyss:2  | HP: 1/62 [large abomination (8)]
  8755 | Abyss:2  | Mangled by a red very ugly thing (7 damage)
  8757 | Abyss:2  | Slain by a large abomination (14 damage)
  8786 | Abyss:2  | HP: 3/62 [smoke demon] (16)]
  8786 | Abyss:2  | Incinerated by a smoke demon (10 damage)
                  | ... with a sticky flame
  8791 | Abyss:2  | Slain by a smoke demon (5 damage)
  8796 | Abyss:2  | Reached skill level 5 in Long Blades
  8802 | Abyss:2  | Noticed a large abomination
  8804 | Abyss:2  | Annihilated by a large abomination (27 damage)
  8812 | Abyss:2  | Mangled by a large abomination (17 damage)
  8819 | Abyss:2  | Demolished by a large abomination (27 damage)
  8822 | Abyss:2  | Slain by a large abomination (26 damage)
  8823 | Abyss:2  | Killed a large abomination
  8828 | D:8      | Escaped the Abyss
  8831 | D:8      | HP: 1/70 [Psyche/chain of chaos (6)]
  8832 | D:8      | Killed Psyche
  8833 | D:8      | Reached skill level 5 in Spellcasting
  8834 | D:8      | Mangled by Prince Ribbit (12 damage)
  8854 | D:8      | Killed Prince Ribbit
  8866 | D:8      | Found Gusotit's Tiny Tomes.
  8895 | D:8      | HP: 1/70 [orc warrior/+0 short sword (5)]
  8904 | D:8      | Slain by an orc
                  | ... wielding a +0 short sword
                  | (1 damage)
  9006 | D:8      | HP: 2/57 [centaur (4)]
  9006 | D:8      | Slain by a hornet (7 damage)
  9013 | D:8      | Succumbed to a hornet's poison
  9015 | D:8      | HP: 2/57 [hornet (7)]
  9016 | D:8      | Succumbed to a hornet's poison
  9022 | D:8      | HP: 1/66 [centaur/arrow (3)]
  9023 | D:8      | Succumbed to a hornet's poison
  9035 | D:8      | Identified the +6 chain mail of the Wild Haggis {rElec rF+
                  | Str-4 Dex+4}
  9293 | D:8      | Bought the Parchment of the Gang for 208 gold pieces
  9293 | D:8      | Bought the Compilation of Austromancy for 182 gold pieces
  9341 | D:8      | Slain by a +0 broad axe of electrocution (16 damage)
                  | ... created by the rancor of the Wu Jian
                  | Council
  9349 | D:8      | HP: 2/56 [+0 broad axe of electrocution[the rancor of the
                  | Wu Jian Council] (5)]
  9352 | D:8      | Slain by a +0 broad axe of electrocution (6 damage)
                  | ... created by the rancor of the Wu Jian
                  | Council
  9360 | D:8      | Mangled by a +0 broad axe of electrocution (14 damage)
                  | ... created by the rancor of the Wu Jian
                  | Council
  9368 | D:8      | HP: 1/56 [+0 dire flail of freezing[the rancor of the Wu
                  | Jian Council] (3)]
  9368 | D:8      | Slain by a +0 dire flail of freezing (1 damage)
                  | ... created by the rancor of the Wu Jian
                  | Council
  9394 | D:8      | Killed by divine providence
                  | ... invoked by an orc priest
                  | (9 damage)
  9397 | D:8      | Demolished by an ogre
                  | ... wielding a +0 giant club
                  | (20 damage)
  9552 | D:8      | Killed by a fireball (18 damage)
                  | ... invoked by the fury of Makhleb
  9993 | D:8      | Slain by a wight
                  | ... wielding a +3 hand axe
                  | (7 damage)
 10014 | D:8      | HP: 1/58 [wight/+3 hand axe (4)]
 10014 | D:8      | Slain by a wight
                  | ... wielding a +3 hand axe
                  | (1 damage)
 10017 | D:8      | Reached skill level 5 in Necromancy
 10075 | D:8      | HP: 3/61 [wight/+2 battleaxe (2)]
 10076 | D:8      | Mangled by a wight
                  | ... wielding a +2 battleaxe
                  | (11 damage)
 10097 | D:8      | Found a staircase to the Lair.
 10118 | D:8      | Demolished by a komodo dragon (24 damage)
 10192 | Lair:1   | Entered Level 1 of the Lair of Beasts
 10215 | Lair:1   | HP: 2/63 [basilisk (5)]
 10221 | Lair:1   | Slain by a blink frog (2 damage)
 10237 | Lair:1   | Reached ** piety under Kikubaaqudgha
 10285 | Lair:1   | HP: 3/67 [poisoned by a cane toad]
 10285 | Lair:1   | Demolished by a cane toad (18 damage)
 10306 | Lair:1   | Noticed a naga warrior
 10306 | Lair:1   | Noticed a frost giant
 10308 | Lair:1   | Mangled by a naga
                  | ... wielding a +0 hand axe
                  | ... created by the fury of Okawaru
                  | (17 damage)
 10310 | Lair:1   | Killed from afar by a frost giant (37 damage)
                  | ... with a bolt of cold
                  | ... created by the fury of Okawaru
 10311 | Lair:1   | Mangled by a cyclops (19 damage)
                  | ... created by the fury of Okawaru
 10312 | Lair:1   | Slain by a frost giant
                  | ... wielding a +1 battleaxe of freezing
                  | ... created by the fury of Okawaru
                  | (8 damage)
 10314 | Lair:1   | Mangled by a cyclops (16 damage)
                  | ... created by the fury of Okawaru
 10315 | Lair:1   | Mangled by a salamander
                  | ... wielding a +0 halberd
                  | ... created by the fury of Okawaru
                  | (14 damage)
 10316 | Lair:1   | Killed a naga warrior
 10317 | Lair:1   | HP: 3/69 [cyclops[the fury of Okawaru] (15)]
 10317 | Lair:1   | Slain by a salamander
                  | ... wielding a +0 halberd
                  | ... created by the fury of Okawaru
                  | (5 damage)
 10319 | Lair:1   | Mangled by a salamander
                  | ... wielding a +3 heavy spear
                  | ... created by the fury of Okawaru
                  | (11 damage)
 10321 | Lair:1   | Annihilated by a frost giant
                  | ... wielding a +1 battleaxe of freezing
                  | ... created by the fury of Okawaru
                  | (25 damage)
 10323 | Lair:1   | Killed from afar by a frost giant (28 damage)
                  | ... with a bolt of cold
                  | ... created by the fury of Okawaru
 10324 | Lair:1   | Demolished by a frost giant
                  | ... wielding a +1 battleaxe of freezing
                  | ... created by the fury of Okawaru
                  | (35 damage)
 10326 | Lair:1   | Killed from afar by a frost giant (35 damage)
                  | ... with a bolt of cold
                  | ... created by the fury of Okawaru
 10327 | Lair:1   | Killed a frost giant
 10328 | Lair:1   | Slain by a salamander
                  | ... wielding a +0 halberd
                  | ... created by the fury of Okawaru
                  | (11 damage)
 10332 | Lair:1   | HP: 3/69 [salamander/+3 heavy spear[the fury of Okawaru]
                  | (14)]
 10333 | Lair:1   | Mangled by a salamander
                  | ... wielding a +3 heavy spear
                  | ... created by the fury of Okawaru
                  | (12 damage)
 10337 | Lair:1   | Slain by a salamander
                  | ... wielding a +0 halberd
                  | ... created by the fury of Okawaru
                  | (11 damage)
 10339 | Lair:1   | HP: 1/69 [salamander/+3 heavy spear[the fury of Okawaru]
                  | (14)]
 10340 | Lair:1   | Slain by a salamander
                  | ... wielding a +0 halberd
                  | ... created by the fury of Okawaru
                  | (2 damage)
 10343 | Lair:1   | Slain by a salamander
                  | ... wielding a +0 halberd
                  | ... created by the fury of Okawaru
                  | (11 damage)
 10346 | Lair:1   | Slain by a salamander
                  | ... wielding a +3 heavy spear
                  | ... created by the fury of Okawaru
                  | (15 damage)
 10347 | Lair:1   | HP: 1/69 [salamander/+0 halberd[the fury of Okawaru] (11)]
 10348 | Lair:1   | Slain by a salamander
                  | ... wielding a +0 halberd
                  | ... created by the fury of Okawaru
                  | (5 damage)
 10351 | Lair:1   | Slain by a salamander
                  | ... wielding a +0 halberd
                  | ... created by the fury of Okawaru
                  | (14 damage)
 10362 | Lair:1   | Slain by a salamander
                  | ... wielding a +3 heavy spear
                  | ... created by the fury of Okawaru
                  | (11 damage)
 10947 | Lair:1   | Noticed a daeva
 10947 | Lair:1   | Noticed a daeva
 10949 | Lair:1   | HP: 1/73 [daeva/+5 eudemon blade of holy wrath[the Shining
                  | One] (13)]
 10949 | Lair:1   | Mangled by a daeva
                  | ... wielding a +5 eudemon blade of holy wrath
                  | ... created by the Shining One
                  | (8 damage)
 10953 | Lair:1   | Slain by a daeva
                  | ... wielding a +5 eudemon blade of holy wrath
                  | ... created by the Shining One
                  | (6 damage)
 10956 | Lair:1   | Mangled by a daeva
                  | ... wielding a +5 eudemon blade of holy wrath
                  | ... created by the Shining One
                  | (14 damage)
 10958 | Lair:1   | HP: 2/73 [daeva/+5 eudemon blade of holy wrath[the Shining
                  | One] (6)]
 10959 | Lair:1   | Killed by divine providence
                  | ... invoked by a daeva
                  | ... created by the Shining One
                  | (16 damage)
 10964 | Lair:1   | Killed by divine providence
                  | ... invoked by a daeva
                  | ... created by the Shining One
                  | (12 damage)
 10969 | Lair:1   | Slain by a daeva
                  | ... wielding a +2 eudemon blade of holy wrath
                  | ... created by the Shining One
                  | (9 damage)
 10974 | Lair:1   | Killed by divine providence
                  | ... invoked by a daeva
                  | ... created by the Shining One
                  | (14 damage)
 10976 | Lair:1   | Mangled by a daeva
                  | ... wielding a +2 eudemon blade of holy wrath
                  | ... created by the Shining One
                  | (15 damage)
 10979 | Lair:1   | Mangled by a daeva
                  | ... wielding a +5 eudemon blade of holy wrath
                  | ... created by the Shining One
                  | (13 damage)
 10979 | Lair:1   | Slain by a daeva
                  | ... wielding a +5 eudemon blade of holy wrath
                  | ... created by the Shining One
                  | (7 damage)
 10982 | Lair:1   | Slain by a daeva
                  | ... wielding a +5 eudemon blade of holy wrath
                  | ... created by the Shining One
                  | (18 damage)
 10984 | Lair:1   | Slain by a daeva
                  | ... wielding a +5 eudemon blade of holy wrath
                  | ... created by the Shining One
                  | (21 damage)
 10986 | Lair:1   | Slain by a daeva
                  | ... wielding a +5 eudemon blade of holy wrath
                  | ... created by the Shining One
                  | (21 damage)
 10988 | Lair:1   | HP: 2/73 [daeva/divine providence[the Shining One] (11)]
 10988 | Lair:1   | Demolished by a daeva
                  | ... wielding a +5 eudemon blade of holy wrath
                  | ... created by the Shining One
                  | (17 damage)
 10990 | Lair:1   | Annihilated by a daeva
                  | ... wielding a +5 eudemon blade of holy wrath
                  | ... created by the Shining One
                  | (32 damage)
 10993 | Lair:1   | Killed by divine providence
                  | ... invoked by a daeva
                  | ... created by the Shining One
                  | (14 damage)
 10997 | Lair:1   | Killed by divine providence
                  | ... invoked by a daeva
                  | ... created by the Shining One
                  | (11 damage)
 11000 | Lair:1   | Mangled by a daeva
                  | ... wielding a +5 eudemon blade of holy wrath
                  | ... created by the Shining One
                  | (18 damage)
 11002 | Lair:1   | Mangled by a daeva
                  | ... wielding a +5 eudemon blade of holy wrath
                  | ... created by the Shining One
                  | (13 damage)
 11006 | Lair:1   | Slain by a daeva
                  | ... wielding a +2 eudemon blade of holy wrath
                  | ... created by the Shining One
                  | (5 damage)
 11009 | Lair:1   | Demolished by a daeva
                  | ... wielding a +2 eudemon blade of holy wrath
                  | ... created by the Shining One
                  | (21 damage)
 11011 | Lair:1   | Mangled by a daeva
                  | ... wielding a +5 eudemon blade of holy wrath
                  | ... created by the Shining One
                  | (24 damage)
 11015 | Lair:1   | Killed by divine providence
                  | ... invoked by a daeva
                  | ... created by the Shining One
                  | (14 damage)
 11016 | Lair:1   | Killed by divine providence
                  | ... invoked by a daeva
                  | ... created by the Shining One
                  | (15 damage)
 11018 | Lair:1   | Mangled by a daeva
                  | ... wielding a +2 eudemon blade of holy wrath
                  | ... created by the Shining One
                  | (19 damage)
 11020 | Lair:1   | Killed by divine providence
                  | ... invoked by a daeva
                  | ... created by the Shining One
                  | (13 damage)
 11023 | Lair:1   | Slain by a daeva
                  | ... wielding a +5 eudemon blade of holy wrath
                  | ... created by the Shining One
                  | (9 damage)
 11024 | Lair:1   | HP: 3/73 [daeva/+5 eudemon blade of holy wrath[the Shining
                  | One] (40)]
 11024 | Lair:1   | Slain by a daeva
                  | ... wielding a +5 eudemon blade of holy wrath
                  | ... created by the Shining One
                  | (8 damage)
 11025 | Lair:1   | Slain by a daeva
                  | ... wielding a +5 eudemon blade of holy wrath
                  | ... created by the Shining One
                  | (5 damage)
 11026 | Lair:1   | Banished a daeva
 11030 | Lair:1   | Killed by divine providence
                  | ... invoked by a daeva
                  | ... created by the Shining One
                  | (11 damage)
 11037 | Lair:1   | Demolished by a daeva
                  | ... wielding a +2 eudemon blade of holy wrath
                  | ... created by the Shining One
                  | (19 damage)
 11044 | Lair:1   | Slain by a daeva
                  | ... wielding a +2 eudemon blade of holy wrath
                  | ... created by the Shining One
                  | (11 damage)
 11050 | Lair:1   | Mangled by a daeva
                  | ... wielding a +2 eudemon blade of holy wrath
                  | ... created by the Shining One
                  | (24 damage)
 11051 | Lair:1   | HP: 2/73 [daeva/+2 eudemon blade of holy wrath[the Shining
                  | One] (4)]
 11051 | Lair:1   | Slain by a daeva
                  | ... wielding a +2 eudemon blade of holy wrath
                  | ... created by the Shining One
                  | (3 damage)
 11055 | Lair:1   | Slain by a daeva
                  | ... wielding a +2 eudemon blade of holy wrath
                  | ... created by the Shining One
                  | (12 damage)
 11060 | Lair:1   | Mangled by a daeva
                  | ... wielding a +2 eudemon blade of holy wrath
                  | ... created by the Shining One
                  | (28 damage)
 11062 | Lair:1   | HP: 3/73 [daeva/+2 eudemon blade of holy wrath[the Shining
                  | One] (6)]
 11063 | Lair:1   | HP: 1/73 [daeva/+2 eudemon blade of holy wrath[the Shining
                  | One] (1)]
 11064 | Lair:1   | Killed by divine providence
                  | ... invoked by a daeva
                  | ... created by the Shining One
                  | (8 damage)
 11068 | Lair:1   | Slain by a daeva
                  | ... wielding a +2 eudemon blade of holy wrath
                  | ... created by the Shining One
                  | (10 damage)
 11074 | Lair:1   | Mangled by a daeva
                  | ... wielding a +2 eudemon blade of holy wrath
                  | ... created by the Shining One
                  | (14 damage)
 11079 | Lair:1   | HP: 3/73 [daeva/divine providence[the Shining One] (13)]
 11081 | Lair:1   | Mangled by a daeva
                  | ... wielding a +2 eudemon blade of holy wrath
                  | ... created by the Shining One
                  | (10 damage)
 11083 | Lair:1   | Slain by a daeva
                  | ... wielding a +2 eudemon blade of holy wrath
                  | ... created by the Shining One
                  | (7 damage)
 11086 | Lair:1   | Killed a daeva
 11300 | Lair:1   | Slain by a yak (13 damage)
 11416 | Lair:1   | Mangled by a wyvern (14 damage)
 11419 | Lair:1   | Reached skill level 5 in Invocations
 11446 | Lair:1   | Slain by a blink frog (14 damage)
 11924 | Lair:2   | Killed from afar by an electric eel (5 damage)
                  | ... with a bolt of electricity
 12020 | Lair:2   | Noticed an orc knight
 12020 | Lair:2   | Noticed a tengu warrior
 12022 | Lair:2   | HP: 3/78 [orc priest/divine providence[the fury of Okawaru]
                  | (9)]
 12023 | Lair:2   | Slain by an orc knight
                  | ... wielding a +0 dire flail
                  | ... created by the fury of Okawaru
                  | (8 damage)
 12026 | Lair:2   | Slain by a tengu warrior
                  | ... wielding a +0 broad axe
                  | ... created by the fury of Okawaru
                  | (7 damage)
 12029 | Lair:2   | Slain by an orc warrior
                  | ... wielding a +0 glaive
                  | ... created by the fury of Okawaru
                  | (11 damage)
 12031 | Lair:2   | HP: 1/78 [orc knight/+0 dire flail[the fury of Okawaru]
                  | (10)]
 12031 | Lair:2   | Demolished by an orc warrior
                  | ... wielding a +0 glaive
                  | ... created by the fury of Okawaru
                  | (15 damage)
 12034 | Lair:2   | Banished an orc knight
 12035 | Lair:2   | Mangled by a tengu warrior
                  | ... wielding a +0 broad axe
                  | ... created by the fury of Okawaru
                  | (8 damage)
 12038 | Lair:2   | HP: 3/78 [tengu warrior/+0 broad axe[the fury of Okawaru]
                  | (2)]
 12038 | Lair:2   | Slain by a tengu warrior
                  | ... wielding a +0 broad axe
                  | ... created by the fury of Okawaru
                  | (3 damage)
 12047 | Lair:2   | Slain by a tengu warrior
                  | ... wielding a +0 broad axe
                  | ... created by the fury of Okawaru
                  | (10 damage)
 12052 | Lair:2   | HP: 2/78 [orc warrior/+0 glaive[the fury of Okawaru] (2)]
 12053 | Lair:2   | Slain by a tengu warrior
                  | ... wielding a +0 broad axe
                  | ... created by the fury of Okawaru
                  | (5 damage)
 12057 | Lair:2   | Mangled by an orc warrior
                  | ... wielding a +0 glaive
                  | ... created by the fury of Okawaru
                  | (13 damage)
 12067 | Lair:2   | HP: 2/78 [tengu warrior/+0 broad axe[the fury of Okawaru]
                  | (4)]
 12068 | Lair:2   | Slain by an orc warrior

Illustrated notes

Levels and vault maps discovered:
D:1:      psy_arrival_whirlpool, layout_loops_ring, minmay_heptomino_d4
D:2:      layout_basic
D:3:      layout_basic, nemelex_dance_club_becter, serial_shops,
          nicolae_shop_trees
D:4:      layout_loops_ring, serial_co_window_serial, co_window_paths_a,
          co_window_corner_a, co_window_paths_b, co_window_paths_b,
          co_window_corner_a, co_window_unsneaky_path_e,
          co_window_unsneaky_path_e, co_window_corner_ca, co_window_4corner_a,
          glass_columns_b, glass_columns_b
D:5:      layout_gridville, portal_sewer_entry_e,
          mainiacjoe_ossuary_entry_dusty_tomb
D:6:      layout_gridville
D:7:      layout_rooms, minmay_temple_entry_statues_pillars, minivault_24,
          minmay_fire_ice_demons
D:8:      layout_loops_ring, erik_lair_dragon, special_room [special_room_orc],
          kennysheep_decorative_pillar, hangedman_decor_clover_reticule,
          nicolae_shop_i_like_small_books_too, uniq_prince_ribbit1, uniq_psyche
Temple:   mainiacjoe_temple_big_plus
Lair:1:   layout_roguey
Lair:2:   layout_gridlike, minmay_swamp_entry_swarm, alex1729_snake_entry_snake

Skill      XL: |  1  2  3  4  5  6  7  8  9 10 11 |
---------------+----------------------------------+-----
Long Blades    | 3 4 5 |  5.1
Dodging        | 2 3 |  3.3
Necromancy     | 1 2 3 4 5 |  5.2
Armour         | 1 2 3 4 5 |  5.8
Short Blades   | 1 2 3 4 |  4.2
Unarmed Combat | 1 2 3 4 |  4.1
Stealth        | 1 2 3 4 |  4.2
Spellcasting   | 3 4 5 |  5.1
Conjurations   | 4 5 |  5.7
Evocations     | 1 2 3 4 |  4.0
Air Magic      | 1 2 3 4 |  4.2
Summonings     | 2 3 4 |  4.0
Ice Magic      | 1 2 3 |  3.7
Poison Magic   | 1 2 3 4 |  4.0
Fighting       | 3 4 |  4.7
Invocations    | 1 3 4 5 |  5.2
Ranged Weapons | 1 2 3 |  3.4
Throwing       | 1 2 |  2.6

Action                     |  1- 3 |  4- 6 |  7- 9 | 10-12 || total
---------------------------+-------+-------+-------+-------++-------
  Melee: Falchion          |   150 |   321 |   848 |   236 ||  1555
         Punch             |     1 |     6 |    14 |    12 ||    33
         Dagger            |       |       |       |   288 ||   288
         Unarmed           |       |       |       |     2 ||     2
   Cast: Kiss of Death     |       |     1 |       |       ||     1
    Use: Scroll            |       |     1 |     4 |       ||     5
         Potion            |       |       |       |     1 ||     1
   Stab: Sleeping          |       |       |     1 |       ||     1
 Armour: Leather armour    |   153 |   437 |    63 |       ||   653
         Chain mail        |       |       |  1639 |  1845 ||  3484
         Skin              |       |       |       |    12 ||    12
  Dodge: Dodged            |   162 |   435 |   660 |   150 ||  1407

Table legend: (Time is in decaauts)
 A = Elapsed time spent in this place.
 B = Non-inter-level travel time spent in this place.
 C = Inter-level travel time spent in this place.
 D = Time resting spent in this place.
 E = Time spent auto-exploring this place.
 F = Levels seen in this place.
 G = Mean time per level.
                   A        B        C        D        E       F      G
               +--------+--------+--------+--------+--------+-----+--------+
         Total |  13816 |  13335 |    481 |      0 |   6619 |  14 |  986.9 |
       Dungeon |   9718 |   9417 |    301 |      0 |   4759 |   8 | 1214.8 |
        Temple |    161 |    161 |      0 |      0 |      0 |   1 |  161.0 |
          Lair |   2694 |   2514 |    180 |      0 |   1587 |   2 | 1347.0 |
         Abyss |    780 |    780 |      0 |      0 |    129 |   2 |  390.0 |
       Ossuary |    461 |    461 |      0 |      0 |    143 |   1 |  461.0 |
               +--------+--------+--------+--------+--------+-----+--------+

Top non-repeatable levels by time:
  Lair:1: 2465 daAuts
     D:8: 2268 daAuts
     D:7: 1684 daAuts
     D:4: 1468 daAuts
     D:6: 1109 daAuts
     D:1: 842 daAuts
     D:5: 830 daAuts
     D:3: 796 daAuts
     D:2: 719 daAuts
 Abyss:1: 560 daAuts
 Ossuary: 461 daAuts
  Lair:2: 228 daAuts
 Abyss:2: 220 daAuts
  Temple: 161 daAuts
